AoeStats
← Ana Catalina

Black Forest

509324991Analyzed
4v4 RM · 6d ago on Sep 26, 2026· 78m 42s· 8 players
Game mode
Random Map
Map size
Large (8 player)
Population
200
Speed
Normal
Resources
Standard
Victory
Conquest
Starting age
Dark Age
Ending age
Imperial Age
RankedLock teamsTeams togetherTeam positionsShared explorationLock speedFull tech treeHidden civsTurbo modeCheats
Victory
Defeat
🇮🇩 Persians · Indonesia
725
+14
🇭🇰 Tatars · Hong Kong SAR China
691
+15
🇮🇩 Bohemians · Indonesia
649
+17
🇮🇩 Huns · Indonesia
532
+22
🇨🇳 Magyars · China
710
-19
🇦🇷 Lithuanians · Argentina
692
-18
🇩🇪 Varangians · Germany
679
-17
🇹🇷 Vikings · Türkiye
590
-14
Ana Catalina
0:29 Loom
12:45 Feudal Age
15:13 Double-Bit Axe
19:40 Town Watch
23:39 Castle Age
22:52 Horse Collar
23:05 Fletching
23:26 Forging
27:29 Vendel Legacy
29:36 Bow Saw
33:00 Gold Mining
33:04 Stone Mining
34:38 Fortified Wall
34:49 Ballistics
35:22 Heavy Plow
35:32 Bodkin Arrow
37:15 Wheelbarrow
39:45 Imperial Age
37:55 Padded Archer Armor
38:40 Stone Shaft Mining
38:09 Arson
37:45 Pikeman
39:12 Masonry
39:07 Squires
39:36 Leather Archer Armor
39:22 Scale Mail Armor
41:06 Coinage
40:36 Caravan
40:57 Guard Tower
41:30 Chain Mail Armor
41:21 Scale Barding Armor
41:52 Iron Casting
43:18 Cranequins
43:19 Heavy Mounted Crossbowman
43:46 Gothikon
46:19 Crop Rotation
46:22 Hand Cart
45:54 Elite Jarl
48:09 Chemistry
49:30 Elite Varangian Guard
51:31 Plate Mail Armor
53:20 Halberdier
65:36 Blast Furnace
64:57 Chain Barding Armor
65:08 Ring Archer Armor
64:39 Bracer
akgun_demirtas_96
0:41 Loom
10:33 Feudal Age
11:01 Horse Collar
12:55 Double-Bit Axe
14:14 Town Watch
14:28 Stone Mining
14:30 Gold Mining
26:19 Castle Age
27:28 Town Patrol
28:04 Bow Saw
27:58 Heavy Plow
29:22 Gold Shaft Mining
36:32 Light Cavalry
36:39 Elite Skirmisher
43:16 Imperial Age
43:07 Chieftains
44:11 Cavalier
SENKAII
12:55 Feudal Age
13:35 Double-Bit Axe
14:55 Wheelbarrow
14:21 Horse Collar
21:37 Castle Age
19:34 Gold Mining
19:35 Stone Mining
23:08 Hand Cart
24:10 Hand Cart
28:31 Loom
29:16 Bow Saw
29:07 Heavy Plow
29:47 Gold Shaft Mining
30:28 Town Watch
31:23 Caravan
32:25 Town Patrol
33:06 Fervor
37:46 Imperial Age
36:00 Corvinian Army
38:30 Elite Magyar Huszar
39:37 Conscription
39:21 Recurve Bow
39:54 Block Printing
40:45 Illumination
40:07 Treadmill Crane
40:50 Ballistics
41:32 Chemistry
40:38 Siege Engineers
40:32 Fletching
40:43 Padded Archer Armor
40:52 Scale Barding Armor
42:34 Pikeman
42:53 Heavy Cavalry Archer
43:58 Parthian Tactics
43:42 Thumb Ring
44:41 Halberdier
46:06 Bodkin Arrow
46:26 Leather Archer Armor
48:58 Husbandry
49:08 Bloodlines
51:37 Theocracy
51:32 Sanctity
53:32 Masonry
62:53 Two-Man Saw
Luciano24cm
5:41 Loom
9:08 Feudal Age
10:19 Double-Bit Axe
19:49 Castle Age
18:10 Horse Collar
18:22 Gold Mining
20:52 Bow Saw
25:35 Fervor
31:44 Imperial Age
30:22 Wheelbarrow
29:33 Town Watch
31:06 Coinage
30:38 Stone Mining
31:14 Scale Barding Armor
31:13 Heavy Plow
32:42 Stone Shaft Mining
33:07 Crop Rotation
33:40 Two-Man Saw
32:04 Onager
33:51 Hand Cart
33:37 Town Patrol
34:32 Chain Barding Armor
34:23 Forging
34:25 Fortified Wall
34:11 Murder Holes
34:31 Bloodlines
34:21 Husbandry
38:39 Plate Barding Armor
38:40 Iron Casting
37:55 Fletching
38:05 Padded Archer Armor
37:58 Elite Leitis
41:12 Clinker Construction
41:12 Careening
41:13 Masonry
40:54 Guard Tower
42:04 Chemistry
42:57 Hill Forts
42:58 Tower Shields
43:33 Hoardings
43:18 Conscription
44:55 Carvel Hull
44:56 Dry Dock
45:12 Keep
45:07 Guilds
45:32 Banking
45:04 Caravan
52:11 Scale Mail Armor
52:26 Leather Archer Armor
52:07 Bodkin Arrow
52:40 Bombard Tower
52:40 Ballistics
52:11 Heated Shot
52:02 Treadmill Crane
55:11 Architecture
54:44 Devotion
55:13 Heresy
56:45 Faith
56:35 Redemption
56:26 Atonement
57:02 Theocracy
56:23 Herbal Medicine
56:44 Block Printing
56:49 Sanctity
56:55 Illumination
56:47 Chain Mail Armor
57:02 Ring Archer Armor
56:33 Bracer
58:17 Man-at-Arms
58:17 Pikeman
58:20 Cavalier
58:20 Light Cavalry
kitten
14:27 Feudal Age
15:58 Wheelbarrow
16:50 Double-Bit Axe
23:52 Padded Archer Armor
23:43 Fletching
26:03 Scale Barding Armor
29:23 Castle Age
32:36 Hand Cart
32:49 Chain Barding Armor
32:45 Leather Archer Armor
32:25 Bodkin Arrow
39:17 Imperial Age
39:53 Masonry
40:34 Sanctity
40:14 Heavy Cavalry Archer
41:23 Parthian Tactics
42:53 Crossbowman
42:54 Elite Skirmisher
43:40 Thumb Ring
46:08 Stone Mining
46:09 Gold Mining
48:44 Bracer
49:20 Plate Barding Armor
72:18 Ballistics
78:24 Chemistry
Lord Indranov
9:33 Loom
12:41 Feudal Age
19:42 Horse Collar
20:01 Double-Bit Axe
22:44 Castle Age
27:49 Husbandry
32:15 Bow Saw
32:56 Fervor
32:54 Heavy Plow
35:32 Wheelbarrow
35:48 Wheelbarrow
40:51 Imperial Age
39:15 Scale Barding Armor
39:11 Scale Mail Armor
39:21 Forging
39:59 Caravan
41:03 Wagenburg Tactics
41:00 Cavalier
42:03 Conscription
44:54 Elite Hussite Wagon
46:52 Chemistry
46:13 Ballistics
45:39 Arrowslits
46:06 Fortified Wall
47:01 Hussite Reforms
48:58 Houfnice
52:29 Masonry
70:29 Hand Cart
Ermour
5:54 Loom
12:45 Feudal Age
15:59 Double-Bit Axe
18:30 Castle Age
18:45 Stone Mining
18:45 Gold Mining
19:08 Horse Collar
19:41 Bow Saw
27:07 Gold Shaft Mining
27:08 Stone Shaft Mining
31:21 Imperial Age
29:35 Town Watch
30:25 Wheelbarrow
30:16 Heavy Plow
32:12 Conscription
33:46 Stone Shaft Mining
33:46 Scale Barding Armor
33:53 Forging
34:29 Citadels
34:23 Kamandaran
36:16 Chemistry
35:36 Ballistics
35:15 Murder Holes
36:12 Crop Rotation
36:41 Town Patrol
36:56 Hand Cart
37:25 Hoardings
37:45 Caravan
40:53 Masonry
42:03 Elite War Elephant
43:15 Devotion
43:48 Cavalier
44:28 Husbandry
46:13 Savar
47:56 Chain Barding Armor
48:12 Iron Casting
songshu512
15:51 Feudal Age
16:19 Horse Collar
16:28 Double-Bit Axe
17:46 Wheelbarrow
19:06 Stone Mining
22:17 Castle Age
23:13 Gold Mining
25:06 Heavy Plow
25:20 Bow Saw
25:51 Gold Shaft Mining
26:53 Padded Archer Armor
26:44 Fletching
27:39 Hand Cart
28:54 Leather Archer Armor
28:35 Bodkin Arrow
31:51 Ballistics
35:49 Imperial Age
34:30 Loom
35:31 Silk Armor
35:55 Scale Barding Armor
37:37 Crop Rotation
40:00 Chemistry
42:42 Guilds
42:34 Caravan
42:25 Elite Keshik
43:26 Conscription
42:56 Heavy Cavalry Archer
47:39 Bloodlines
47:31 Husbandry
Connection lost

Rejoining the realm…

Still unreachable

The connection could not be restored.

Session expired

The server has moved on; the page needs a fresh start.